 Dungeon Crawl Stone Soup version 0.32-a0-18-g89e19f1 (webtiles) character file.

Game seed: 144570561863753200

210 Dorkslayer the Ruffian (level 5, -1/49 HPs)
             Began as an Octopode Shapeshifter on Jan 16, 2024.
             Succumbed to a hornet's poison
             ... on level 7 of the Dungeon.
             The game lasted 00:07:27 (2711 turns).

Dorkslayer the Ruffian (Octopode Shapeshifter)      Turns: 2711, Time: 00:07:28

Health: -1/49      AC: 22    Str: 13    XL:     5   Next: 87%
Magic:  5/5        EV:  2    Int: 12    God:
Gold:   133        SH:  5    Dex: 11    Spells: 4/4 levels left

rFire   + + +        d - +2 whip of Proximity {flame, rF+++ rC+ rCorr Str-3}
rCold   + . .        (no shield)
rNeg    . . .        (helmet currently unavailable)
rPois   +            j - amulet of reflection
rElec   .            h - ring of willpower
rCorr   +            (no ring)
SInv    .            (no ring)
Will    +....        (no ring)
Stlth   ++           (no ring)
HPRegen 0.28/turn    (no ring)
MPRegen 0.09/turn    (no ring)
                     (no ring)

%: reflection
@: lethally poisoned (-1 -> -9), tree-form
A: stationary, stasis, torment immunity, boosted hp, almost no armour,
(amphibious), 8 rings, (camouflage 1), (gelatinous body 1), (nimble swimmer 1),
(tentacles)
a: no special abilities


You were on level 7 of the Dungeon.
You were a tree.
You visited 1 branch of the dungeon, and saw 5 of its levels.

You collected 133 gold pieces.

Inventory:

Hand Weapons
 d - the +2 whip of Proximity (weapon) {flame, rF+++ rC+ rCorr Str-3}
   (You found it on level 3 of the Dungeon)

   Str-3:     It affects your strength (-3).
   rF+++:     It renders you almost immune to fire.
   rC+:       It protects you from cold.
   rCorr:     It protects you from acid and corrosion.
Jewellery
 h - a ring of willpower (left branch)
 j - an amulet of reflection (around neck)
Talismans
 b - a beast talisman
 c - a flux talisman
Scrolls
 e - 2 scrolls of immolation
 f - a scroll of fog
 g - a scroll of teleportation
 i - 2 scrolls of poison {unknown}
 k - a scroll of butterflies
Potions
 a - a potion of lignification
 l - 2 potions of mutation
 n - a potion of cancellation {unknown}


   Skills:
 + Level 1.3 Fighting
 * Level 2.5 Dodging
 + Level 1.6 Stealth
 - Level 0.1 Shields
 * Level 5.7 Unarmed Combat
 + Level 3.0 Shapeshifting


You had 4 spell levels left.
You didn't know any spells.
Your spell library contained the following spells:

 Spells                   Type           Power      Damage    Failure   Level
 Call Imp                 Summ           0%         N/A       45%         2
 Sublimation of Blood     Necr           0%         N/A       45%         2
 Fugue of the Fallen      Necr           0%         N/A       69%         3
 Ozocubu's Armour         Ice            0%         N/A       69%         3
 Stone Arrow              Conj/Erth      0%         3d7       69%         3
 Manifold Assault         Tloc           0%         N/A       97%         4
 Summon Hydra             Summ           0%         N/A       100%        7
 Lehudib's Crystal Spear  Conj/Erth      0%         10d2      100%        8
 Animate Armour           Summ/Erth      Unusable   N/A       N/A         4

Dungeon Overview and Level Annotations

Branches:
Dungeon (4/15)
 Temple: D:4-7

Altars:


Innate Abilities, Weirdness & Mutations

You are a tree.
Your roots penetrate the ground, keeping you stationary.
You cannot be teleported.
You are immune to unholy pain and torment.
Your maximum health is greatly increased.
You cannot wear most types of armour.
((You are amphibious.))
You can wear up to eight rings at the same time.
((Your skin changes colour to match your surroundings (Stealth+).))
((Your rubbery body absorbs attacks. (AC +1, EV +1)))
((You are camouflaged when in or above water. (Stealth+)))
((You have tentacles for arms and can constrict up to eight enemies at once.))


Message History

The hornet is lightly wounded.
You feel yourself speed up. You block the hornet's attack.
The hornet stings you.
You feel yourself slow down.
Your transformation has ended.
You turn into a tree.
Your roots penetrate the ground.
You block the hornet's attack. The hornet stings you!
You are poisoned.
You smack the hornet!
The hornet is heavily wounded.
You feel very sick.
The hornet stings you but does no damage.
The hornet stings you.
* * * LOW HITPOINT WARNING * * *
Okay, then.
You feel much better.
You feel yourself speed up.
You feel sick. The hornet completely misses you. You block the hornet's attack.
You feel weaker.
The +2 whip of Proximity {flame, rF+++ rC+ rCorr Str-3} bursts into flame!
d - the +2 whip of Proximity (weapon)
{flame, rF+++ rC+ rCorr Str-3} You feel sick.
The hornet stings you.
You completely miss the hornet.
The hornet is heavily wounded.
You feel sick.
The hornet stings you but does no damage.
You block the hornet's attack.
You miss the hornet.
The hornet is heavily wounded.
You feel sick. The hornet stings you.
You are more poisoned.
You suddenly lose the ability to move!
The hornet stings you!
* * * LOW HITPOINT WARNING * * *
* * * LOW HITPOINT WARNING * * *
You feel sick.
The hornet stings you but does no damage.
You can move again.
You hit the hornet. You burn the hornet.
The hornet is severely wounded.
You die...

#~≈≈~##.# #~≈≈~##.#
######~≈≈~##.#
.....~~≈≈~##.#
.####~≈≈~~##.#
#~≈≈~..>.# #
#~≈≈~##.|### ...
#~~≈≈~##....###..##
#~≈≈~~....!.♣yoo..#
#~≈≈~###....####....
#~~≈≈~# #..### #
#~≈≈~~# #..#
~~≈≈~88../## ....
....


You could see a hornet and 2 orcs.

Vanquished Creatures
  Crazy Yiuf (D:2)
  An orc priest (D:7)
  An orc wizard (D:7)
  5 adders
  A shadow imp (D:4)
  A dart slug (D:1)
  7 orcs
  5 bats
  8 endoplasms
  3 giant cockroaches
  6 goblins
  4 hobgoblins
  8 jackals
  A quokka (D:1)
  4 ball pythons
  3 frilled lizards
  3 kobolds
  2 rats (D:1)
64 creatures vanquished.

Notes
Turn   | Place    | Note
-------+----------+-------------------------------------------
     0 | D:1      | Dorkslayer the Octopode Shapeshifter began the quest for
                  | the Orb.
     0 | D:1      | Reached XP level 1. HP: 13/13 MP: 1/1
   154 | D:1      | Found a faded altar of an unknown god.
   262 | D:1      | Reached XP level 2. HP: 14/18 MP: 2/2
   493 | D:1      | Reached XP level 3. HP: 20/23 MP: 3/3
   524 | D:1      | Reached skill level 4 in Unarmed Combat
  1052 | D:2      | Reached XP level 4. HP: 28/28 MP: 4/4
  1118 | D:2      | Found a runed translucent door.
  1119 | D:2      | Noticed Crazy Yiuf
  1453 | D:2      | Reached skill level 5 in Unarmed Combat
  1734 | D:2      | Killed Crazy Yiuf
  1735 | D:2      | Reached skill level 1 in Stealth
  1735 | D:2      | Reached XP level 5. HP: 33/33 MP: 5/5
  1900 | D:3      | Identified the +2 whip of Proximity {flame, rF+++ rC+ rCorr
                  | Str-3}
  2608 | D:4      | Noticed a phantom
  2665 | D:4      | You fall into a shaft and drop 3 floors!
  2685 | D:7      | Noticed a hornet
  2709 | D:7      | Paralysed by a hornet for 2 turns
  2710 | D:7      | HP: 2/49 [poisoned by a hornet]
  2711 | D:7      | Succumbed to a hornet's poison

Illustrated notes

Levels and vault maps discovered:
D:1:      tarquinn_simple_flora_water_d, layout_loops_ring,
          chequers_ecumenical_altar_simple_redux, minmay_surrounded
D:2:      layout_basic, kennysheep_potato, uniq_crazy_yiuf_cottage
D:3:      layout_basic
D:4:      layout_basic, mainiacjoe_overflow_alcove_1, kennysheep_doodads,
          uniq_grinder
D:7:      wander_river, layout_loops_ring, nicolae_overflow_quartered_altars,
          minmay_temple_entry_slanted, uniq_duvessa

Skill      XL: |  1  2  3  4 |
---------------+-------------+-----
Unarmed Combat | 4 5 |  5.7
Stealth        | 1 |  1.6
Fighting       | |  1.3
Dodging        | |  2.5
Shields        | |  0.1
Shapeshifting  | |  3.0

Action                     |  1- 3 |  4- 6 || total
---------------------------+-------+-------++-------
  Melee: Unarmed           |    62 |    65 ||   127
         Constrict         |    12 |    14 ||    26
         Tentacles         |    11 |    14 ||    25
         Whip              |       |     3 ||     3
         Punch             |       |     1 ||     1
    Use: Scroll            |     4 |     2 ||     6
         Potion            |       |     5 ||     5
   Stab: Sleeping          |     6 |     4 ||    10
 Armour: Skin              |    16 |    28 ||    44
  Dodge: Dodged            |    33 |    29 ||    62
  Block: Other             |       |    12 ||    12

Table legend: (Time is in decaauts)
 A = Elapsed time spent in this place.
 B = Non-inter-level travel time spent in this place.
 C = Inter-level travel time spent in this place.
 D = Time resting spent in this place.
 E = Time spent auto-exploring this place.
 F = Levels seen in this place.
 G = Mean time per level.
                   A        B        C        D        E       F      G
               +--------+--------+--------+--------+--------+-----+--------+
         Total |   2700 |   2700 |      0 |     30 |   1648 |   5 |  540.0 |
       Dungeon |   2700 |   2700 |      0 |     30 |   1648 |   5 |  540.0 |
               +--------+--------+--------+--------+--------+-----+--------+

Top non-repeatable levels by time:
     D:2: 957 daAuts
     D:1: 806 daAuts
     D:3: 767 daAuts
     D:4: 122 daAuts
     D:7: 46 daAuts
